Map: Eternal Empire LE

Players

brujix - Winner!

  • Race: Zerg Zerg
  • League: Diamond
  • Spawn Location: 1:00

RyuKey

  • Race: Zerg Zerg
  • League: Diamond
  • Spawn Location: 7:00

VOD

Have the link to the VOD?

Description

Time

  • Played on: June 13, 2020, 2:09 p.m.
  • Length: 15:07
Show
View Real Time Build Order
Export as new Build Order

brujix Zerg - Winner!

Build Orders: 1 Base Baneling Bust, Pool First, Lurkers 

Get SALT Encoding   

  12  0:01  Drone  
  13  0:14  Overlord  
  13  0:19  Drone  
  14  0:22  Extractor  
  14  0:25  Drone  
  14  0:35  Drone  
  15  0:47  Spawning Pool  
  14  0:51  Drone  
  14  0:56  Drone  
  16  1:26  Drone x3  
  20  1:40  Zergling x2, Baneling Nest  
  20  1:44  Lair  
  19  1:48  Zergling x2  
  20  1:56  Extractor  
  20  1:59  Zergling x2  
  20  2:05  Spine Crawler  
  20  2:15  Drone  
  21  2:22  Overlord  
  21  2:33  Drone  
  22  2:43  Hydralisk Den  
  21  2:56  Spine Crawler  
  21  2:57  Spine Crawler  
  19  3:01  Zergling x2  
  20  3:06  Hatchery, Drone  
  21  3:18  Hydralisk  
  21  3:19  Lurker Den  
  23  3:20  Hydralisk  
  23  3:23  Baneling  
  25  3:33  Drone  
  26  3:47  Queen  
  28  3:52  Overlord  
  28  4:06  Hydralisk  
  30  4:12  Drone  
  30  4:13  Drone  
  32  4:17  Lurker x2  
  34  4:35  Lurker  
  34  4:42  Drone  
  34  4:43  Drone x4  
  39  4:58  Drone x4  
  43  5:03  Baneling  
  43  5:08  Overlord  
  43  5:29  Drone x6  
  43  5:33  Spine Crawler  
  48  5:37  Spine Crawler  
  44  6:11  Hydralisk  
  44  6:12  Hydralisk x2  
  44  6:14  Overlord x4  
  50  6:30  Overlord x2  
  50  6:32  Metabolic Boost  
  50  6:34  Queen  
  50  6:37  Extractor  
  50  6:39  Lurker x2  
  53  6:40  Extractor  
  53  6:41  Lurker  
  53  6:44  Zergling x2  
  53  6:47  Muscular Augments  
  54  6:50  Drone x3  
  54  6:51  Drone  
  58  6:58  Spire  
  57  7:13  Zergling x4  
  57  7:14  Zergling x4  
  61  7:17  Drone x4  
  65  7:24  Hydralisk  
  64  7:49  Zergling x10  
  64  7:50  Zergling x4  
  64  7:53  Drone x2  
  66  7:59  Drone x2  
  68  8:08  Queen  
  68  8:10  Evolution Chamber  
  68  8:11  Mutalisk x4  
  77  8:19  Hydralisk x2, Lurker  
  82  8:27  Hydralisk  
  82  8:28  Hydralisk x3  
  87  8:44  Hydralisk x4  
  95  8:56  Hydralisk  
  95  8:57  Hydralisk  
  99  9:09  Drone  
  100  9:11  Overlord x2  
  100  9:12  Overlord  
  100  9:23  Overlord  
  100  9:24  Overlord  
  100  9:25  Hatchery  
  100  9:29  Zerg Missile Weapons Level 1  
  99  9:31  Lurker x2  
  99  9:32  Lurker  
  102  9:46  Lurker  
  102  9:47  Zergling x8  
  102  9:48  Zergling x4  
  101  10:19  Zergling x12  
  101  10:20  Zergling x2  
  98  10:26  Zergling x10  
  91  10:28  Lurker x3  
  91  10:29  Lurker  
  91  10:35  Zergling x8  
  71  10:52  Zergling x2  
  71  10:53  Zergling x8  
  75  11:01  Hydralisk x5  
  85  11:17  Hydralisk x5  
  89  11:31  Lurker x2  
  89  11:32  Drone x5  
  94  11:46  Lurker  
  95  11:51  Zergling x14  
  102  12:02  Extractor x2  
  102  12:03  Zerg Missile Weapons Level 2  
  100  12:14  Hydralisk x2  
  100  12:15  Hydralisk x2  
  107  12:33  Hydralisk x5  
  116  12:42  Zergling x10  
  109  12:58  Zergling x18  
  101  13:07  Lurker x3  
  101  13:10  Drone x4  
  108  13:22  Hydralisk x3  
  114  13:37  Overseer  
  114  13:40  Lurker x3  
  103  14:12  Hydralisk x7  
  116  14:22  Hydralisk x6  
Show
View Real Time Build Order
Export as new Build Order

RyuKey Zerg 

Build Orders: Pool First 

Get SALT Encoding   

  12  0:01  Drone  
  13  0:12  Overlord  
  13  0:21  Drone  
  14  0:35  Drone x3  
  17  0:50  Spawning Pool  
  17  0:54  Drone  
  17  0:58  Drone  
  18  1:07  Extractor  
  18  1:08  Drone  
  18  1:19  Hatchery  
  18  1:20  Drone  
  18  1:29  Drone  
  19  1:37  Queen  
  21  1:41  Overlord  
  21  1:51  Drone  
  22  2:14  Queen  
  24  2:17  Metabolic Boost  
  24  2:18  Zergling x4  
  26  2:28  Extractor  
  25  2:31  Baneling Nest  
  25  2:32  Drone  
  25  2:35  Queen  
  27  2:37  Drone x2  
  29  2:51  Drone x4  
  30  2:52  Drone  
  34  3:10  Drone x2  
  36  3:14  Overlord  
  36  3:15  Overlord  
  36  3:24  Baneling x4  
  36  3:35  Drone x6  
  42  3:53  Drone  
  42  3:54  Drone x3  
  42  3:55  Roach Warren  
  45  4:12  Zergling x4  
  45  4:13  Zergling x10  
  52  4:30  Overlord x3  
  52  4:42  Hatchery  
  51  4:57  Drone x2  
  53  5:02  Drone x2  
  55  5:14  Unknown  
  55  5:15  Overlord x2  
  55  5:19  Lair  
  54  5:22  Overlord x3  
  55  5:28  Drone x2  
  55  5:29  Drone x2  
  55  5:33  Roach x4  
  55  5:34  Roach x3  
  72  5:37  Baneling x7  
  66  6:16  Roach x4  
  66  6:17  Roach x8  
  66  6:18  Overseer  
  89  6:29  Roach x2  
  93  6:34  Extractor  
  93  6:35  Extractor  
  91  6:42  Evolution Chamber  
  91  6:44  Evolution Chamber  
  91  6:46  Infestation Pit  
  88  6:48  Pneumatized Carapace  
  88  6:50  Roach x6  
  88  6:53  Baneling  
  88  6:54  Baneling x2  
  100  6:59  Roach  
  102  7:07  Drone x5  
  107  7:23  Pathogen Glands  
  107  7:24  Hatchery  
  106  7:30  Baneling x2  
  106  7:32  Overseer  
  106  7:38  Zerg Missile Weapons Level 1  
  67  7:54  Ravager x3  
  70  8:05  Drone  
  70  8:06  Drone x14  
  85  8:19  Roach  
  88  8:20  Roach  
  88  8:36  Roach x3  
  91  9:00  Zerg Ground Armor Level 1, Hydralisk Den  
  90  9:03  Spore Crawler x2  
  90  9:05  Spore Crawler  
  90  9:06  Spore Crawler  
  90  9:07  Spore Crawler  
  90  9:08  Spore Crawler  
  82  9:10  Spore Crawler  
  83  9:17  Roach x5  
  91  9:29  Hydralisk x3  
  91  9:30  Hydralisk x7  
  111  9:33  Overlord  
  111  9:40  Ravager  
  111  9:42  Ravager  
  113  9:50  Queen  
  114  10:08  Hatchery  
  99  10:27  Ravager x2  
  86  10:28  Hydralisk x7  
  86  10:29  Hydralisk  
  86  10:34  Ravager  
  86  10:35  Ravager  
  102  11:06  Hydralisk  
  102  11:07  Hydralisk x5  
  111  11:31  Infestor x4  
  115  11:47  Extractor  
  115  11:48  Extractor  
  111  11:59  Zerg Missile Weapons Level 2  
  111  12:04  Drone x6  
  117  12:13  Drone x3  
  117  12:14  Drone x2  
  100  13:05  Hydralisk x6  
  83  13:06  Hydralisk x9  
  113  13:26  Hive  
  113  13:32  Overseer x3  
  113  13:47  Overlord x4  
  75  14:19  Roach  
  75  14:20  Overseer x3, Roach x5  
  87  14:33  Roach  
  87  14:34  Roach x5  
  93  14:42  Ravager x3  
  92  14:46  Ravager x2  
  92  14:47  Ravager  
Tags
 
Add a new tag
Caveats
  • Supply blocks, unpowered buildings, or Contaminate may cause inaccurate times.
  • Supply counts are checked every 10 seconds.